 Dungeon Crawl Stone Soup version 0.21.1-1-g345015f (webtiles) character file.

115 TheEnd1234 the Chopper (level 4, 0/60 HPs)
             Began as a Draconian Berserker on June 24, 2018.
             Was a Believer of Trog.
             Slain by a vampire bat (1 damage)
             ... on level 2 of the Dungeon.
             The game lasted 00:06:03 (1102 turns).

TheEnd1234 the Chopper (Draconian Berserker)        Turns: 1102, Time: 00:06:04

Health: 0/60       AC:  5    Str: 24    XL:     4   Next: 68%
Magic:  4/4        EV: 13    Int:  7    God:    Trog [**....]
Gold:   121        SH:  0    Dex: 12    Spells: 3/3 levels left

rFire    . . .     SeeInvis .   a - +0 hand axe
rCold    . . .     Gourm    .   (no shield)
rNeg     . . .     Faith    .   (armour unavailable)
rPois    .         Spirit   .   (helmet restricted)
rElec    .         Reflect  .   (no cloak)
rCorr    .         Harm     .   (no gloves)
MR       .....                  (no boots)
Stlth    ..........             (no amulet)
HPRegen  0.20/turn              (no ring)
MPRegen  0.09/turn              (no ring)

@: berserking (expiring), very quick
A: unfitting armour, cold-blooded, AC +5
a: Berserk, Trog's Hand, Burn Spellbooks, Renounce Religion


You were on level 2 of the Dungeon.
You worshipped Trog.
Trog was pleased with you.
You were near starving.

You visited 1 branch of the dungeon, and saw 2 of its levels.

You collected 121 gold pieces.

Inventory:

Hand Weapons
 a - a +0 hand axe (weapon)
Scrolls
 c - 5 scrolls of remove curse {unknown}
 e - a scroll of identify {unknown}
 g - a scroll of fog {unknown}
 i - a scroll of teleportation {unknown}
Potions
 d - a potion of curing {unknown}
 f - 2 potions of mutation {unknown}
 h - a potion of cancellation {unknown}
 j - a potion of invisibility {unknown}
 k - a potion of might {unknown}
 l - a potion of magic {unknown}
 m - a potion of berserk rage {unknown}
Comestibles
 b - 4 rations


   Skills:
 + Level 4.0 Fighting
 + Level 4.1 Axes
 + Level 3.7 Dodging
 + Level 0.1 Stealth


You had 3 spell levels left.
You didn't know any spells.

Dungeon Overview and Level Annotations

Branches:
Dungeon (2/15)

Altars:
Gozag
Kikubaaqudgha

Annotations:
D:2 Sigmund


Innate Abilities, Weirdness & Mutations

Your plain brown scales are hard. (AC +5)
You cannot fit into any form of body armour.
You are cold-blooded and may be slowed by cold attacks.


Message History

A red film seems to cover your vision as you go berserk!
You feel yourself moving faster!
You feel mighty!
You are near starving!
The vampire bat misses you. The vampire bat bites you.
* * * LOW HITPOINT WARNING * * *
The vampire bat draws strength from your injuries!
The vampire bat closely misses you.
You feel a strong urge to attack something.
The vampire bat bites you but does no damage.
There is a dry fountain, spattered with blood here.
You are too injured to fight recklessly!
You are too injured to fight recklessly!
You are too injured to fight recklessly!
You are too injured to fight recklessly!
You are too injured to fight recklessly!
You closely miss the vampire bat. You hit the vampire bat.
The vampire bat barely misses you.
The vampire bat bites you but does no damage.
The vampire bat closely misses you. The vampire bat bites you.
You die...

)#........# ##
.#..#.##### .#..#.#
....#.# ....###
####### #...#
######.#.#.## #...#
##...#.⌠.#.⌠.#
#...###.#.#.#.#.#.#
##...#.⌠.#.⌠.#.⌠@#
.....'..#.#.#.#b#b⌠.⌠#
.#...'.#.⌠.#.⌠.#.)._.#
.##..'..#.#.#.#.#.⌠.⌠#
.##..#.⌠.#.⌠.#.⌠.#...#
.....##.#.#.#.#.#.#.##
.....# #...#.⌠.#.⌠.##
.....# ######.#.
.....# ##


You could see 2 vampire bats.

Vanquished Creatures
  A vampire bat (D:2)
  3 adders (D:2)
  An ooze (D:2)
  3 worms (D:2)
  2 dart slugs (D:2)
  2 bat skeletons (D:2)
  4 bat zombies (D:2)
  A giant cockroach (D:2)
  5 goblins (D:2)
  A hobgoblin (D:2)
  A quokka (D:2)
  2 ball pythons (D:2)
  3 bats
  5 kobolds
  A rat (D:2)
35 creatures vanquished.

Notes
Turn   | Place    | Note
-------+----------+-------------------------------------------
     0 | D:1      | TheEnd1234 the Draconian Berserker began the quest for the Orb.
     0 | D:1      | Reached XP level 1. HP: 19/19 MP: 1/1
   237 | D:1      | You fall through a shaft!
   357 | D:2      | Reached XP level 2. HP: 26/26 MP: 2/2
   485 | D:2      | Noticed Sigmund
   498 | D:2      | Found an opulent altar of Gozag.
   521 | D:2      | Reached XP level 3. HP: 18/33 MP: 3/3
   960 | D:2      | Reached ** piety under Trog
  1045 | D:2      | Reached XP level 4. HP: 34/40 MP: 4/4
  1076 | D:2      | Found an ancient bone altar of Kikubaaqudgha.
  1098 | D:2      | HP: 2/40 [vampire bat (1)]
  1102 | D:2      | Slain by a vampire bat

Skill      XL: |  1  2  3  4 |
---------------+-------------+-----
Dodging        | 3 |  3.7
Fighting       | 4 |  4.0
Axes           | 4 |  4.1
Stealth        | |  0.1

Action                   |  1- 3 |  4- 6 || total
-------------------------+-------+-------++-------
Melee: Hand axe          |   110 |    29 ||   139
       Tailslap          |    24 |     2 ||    26
Invok: Berserk           |       |     1 ||     1
 Stab: Sleeping          |     2 |       ||     2
Armor: Skin              |    32 |    42 ||    74
Dodge: Dodged            |   109 |    84 ||   193
